 Dungeon Crawl Stone Soup version 0.30-a0-739-gea05faddec (webtiles) character file.

Game seed: 5092394080242700730

3656 dolemite99 the Magician (level 10, -3/87 HPs)
             Began as a Djinni Transmuter on Feb 5, 2023.
             Was a Follower of Ignis.
             Slain by Joseph
             ... wielding a +0 quarterstaff
              (17 damage)
             ... on level 7 of the Dungeon.
             The game lasted 00:16:22 (12780 turns).

dolemite99 the Magician (Djinni Transmuter)        Turns: 12780, Time: 00:16:22

Health: -3/87      AC:  8    Str: 13    XL:     10   Next: 34%
Gold:   426        EV: 10    Int: 15    God:    Ignis [*.....] SH:  0 Dex: 18

rFire   . . .      SeeInvis +      - Unarmed
rCold   + + +      Faith    .    (shield currently unavailable)
rNeg    . . .      Spirit   .    (body armour currently unavailable)
rPois   ∞          Reflect  .    (helmet currently unavailable)
rElec   .          Harm     .    (cloak currently unavailable)
rCorr   .          Rampage  .    (gloves currently unavailable)
Will    ++...                    (boots unavailable)
Stlth   ++                       j - amulet "Qoeckein" {Will+ Regen+ Dex+4}
HPRegen 1.14/turn                m - ring of see invisible
MPRegen 0.00/turn                (no ring)

@: ice-form, flying
A: freezing attack, flying, boosted hp, sickness immunity, large, (fire
resistance 2), (cold vulnerability 1), float, innate caster, HP casting, extra
vitality 1
a: End Transformation, Renounce Religion, Fiery Armour, Foxfire Swarm


You were on level 7 of the Dungeon.
You worshipped Ignis.
Ignis was aware of your devotion.
You were a creature of crystalline ice.
You visited 1 branch of the dungeon, and saw 8 of its levels.

You collected 426 gold pieces.

Inventory:

Hand Weapons
 a - the +6 sling of Ru's Outrage (melded) {heavy, rF+ Will+}
   (You found it on level 5 of the Dungeon)

   rF:        It protects you from fire.
   Will:      It increases your willpower.
 e - a +2 dagger of protection
 t - a +1 vampiric whip
Missiles
 x - 4 poisoned darts
Armour
 b - a +0 robe (melded)
 k - a +2 helmet (melded)
 o - an orb of light (melded)
 y - +0 steam dragon scales
Jewellery
 c - an amulet of magic regeneration
 j - the amulet "Qoeckein" (around neck) {Will+ Regen+ Dex+4}
   (You acquired it on level 6 of the Dungeon)

   [amulet of regeneration]

   Dex:       It affects your dexterity (+4).
   Regen:     It increases your rate of health regeneration.
   Will:      It increases your willpower.
 m - a ring of see invisible (left front paw)
 r - an amulet of guardian spirit
 B - a ring of fire
Scrolls
 f - a scroll of poison
 g - 3 scrolls of blinking
 h - 3 scrolls of teleportation {unknown}
 l - 3 scrolls of magic mapping
 n - 2 scrolls of enchant armour
 s - 3 scrolls of immolation
 v - 3 scrolls of noise
Potions
 d - a potion of resistance
 i - 5 potions of curing
 u - a potion of brilliance
 w - a potion of attraction
 z - 2 potions of degeneration
 A - a potion of cancellation {unknown}
Miscellaneous
 q - a piece from Xom's chessboard (15/15)


   Skills:
 + Level 6.9 Fighting
 - Level 3.6 Ranged Weapons
 - Level 2.1 Dodging
 + Level 6.3 Unarmed Combat
 * Level 7.9 Spellcasting


You had 4 spell levels left.
You knew the following spells:

 Your Spells              Type           Power      Damage    Failure   Level
a - Beastly Appendage     Tmut           58%        N/A       1%          1
b - Spider Form           Tmut/Pois      29%        N/A       1%          3
c - Ice Form              Ice/Tmut       29%        N/A       4%          4
d - Animate Dead          Necr           29%        N/A       4%          4
e - Wereblood             Tmut           29%        N/A       1%          2
f - Blink                 Tloc           58%        N/A       1%          2
g - Portal Projectile     Hex/Tloc       58%        N/A       1%          3
h - Apportation           Tloc           58%        N/A       1%          1
Your spell library was empty.

Dungeon Overview and Level Annotations

Branches:
Dungeon (8/15)             Temple (0/1) D:7
   Lair: D:8-11

Altars:
Ashenzari
Elyvilon
Ru
Xom
Ignis

Annotations:
D:3 exclusion: downstairs
D:7 Joseph


Innate Abilities, Weirdness & Mutations

You are a creature of crystalline ice.
You have a powerful freezing melee attack.
You are flying.
Your maximum health is increased.
Your armour is entirely melded.
You are incapable of wielding weapons or throwing items.
You are immune to sickness and miasma.
You are immune to poison.
((Your flesh is very heat resistant. (rF++)))
((You are vulnerable to cold. (rC-)))
You float through the air rather than walking.
You learn spells naturally, not from books.
Your magical power is your life essence.
You have superior vitality. (+4 MHP)


Message History

Confirm with . or Enter, or press ? or * to list all spells.
You extend your transformation's duration.
Joseph shoots a sling bullet.
The sling bullet completely misses you.
Joseph unwields a +2 heavy sling.
Joseph wields a +0 quarterstaff.
Joseph hits you with a +0 quarterstaff!
You hit Joseph. You freeze Joseph.
Joseph is lightly wounded.
Joseph hits you with a +0 quarterstaff.
You barely miss Joseph.
Joseph is lightly wounded.
Joseph hits you with a +0 quarterstaff!
You hit Joseph. You freeze Joseph.
Joseph is lightly wounded.
Joseph hits you with a +0 quarterstaff.
You pummel Joseph!! You freeze Joseph.
Joseph is moderately wounded.
You hit Joseph. You freeze Joseph.
Joseph is heavily wounded.
Joseph hits you with a +0 quarterstaff!
You hit Joseph but do no damage.
Joseph is heavily wounded.
Joseph closely misses you.
You hit Joseph but do no damage.
Joseph is heavily wounded.
Joseph hits you with a +0 quarterstaff!
* * * LOW HITPOINT WARNING * * *
You punch Joseph! You freeze Joseph.
Joseph is severely wounded.
Joseph misses you.
You hit Joseph. You freeze Joseph.
Joseph is severely wounded.
Joseph hits you with a +0 quarterstaff.
* * * LOW HITPOINT WARNING * * *
You hit Joseph but do no damage.
Joseph is severely wounded.
Joseph closely misses you.
You punch Joseph! You freeze Joseph.
Joseph is almost dead.
Joseph hits you with a +0 quarterstaff!
You die...

...####.......#............#
#.## ##......######..##.###
### ##................# #
##...#...>.###.#.# #
#'##.###.##.##.# # #. #.#.##
.# # ##.##.###..## .# #
......@.#.## @.. #Y..#####.#
.....#.........#
#.....####### #######


You could see Joseph.

Vanquished Creatures
  A centaur warrior (D:7)
  A troll (D:7)
  A vampire mosquito (D:7)
  2 steam dragons
  A water moccasin (D:6)
  An ice beast (D:6)
  4 sky beasts
  3 ogres
  2 black bears
  2 phantoms
  3 bullfrogs
  A necrophage (D:7)
  A scorpion (D:6)
  5 wights (D:6)
  A killer bee (D:7)
  2 howler monkeys
  4 jellies
  3 hounds
  2 iguanas
  4 orc wizards (D:4)
  13 adders
  3 river rats (D:5)
  5 white imps
  4 ufetubi
  6 worms
  7 orcs
  7 endoplasms
  3 giant cockroaches (D:1)
  9 goblins
  7 hobgoblins
  3 jackals (D:4)
  5 quokkas
  7 ball pythons
  4 bats
  4 frilled lizards
  8 kobolds
  4 rats
143 creatures vanquished.

Vanquished Creatures (others)
  15 foxfires (D:3)
  44 plants (D:7)
59 creatures vanquished.

Grand Total: 202 creatures vanquished

Notes
Turn   | Place    | Note
-------+----------+-------------------------------------------
     0 | D:1      | dolemite99 the Djinni Transmuter began the quest for the
                  | Orb.
     0 | D:1      | dolemite99 set off with the following spells memorised:
                  | Beastly Appendage, Wereblood, Spider Form, Ice Form.
     0 | D:1      | Reached XP level 1. HP: 17/17 MP: 0/0
   387 | D:1      | Found a faded altar of an unknown god.
   393 | D:1      | Prayed at the altar of an unknown god.
   393 | D:1      | Became a worshipper of Ignis, the Dying Flame
   446 | D:1      | Reached XP level 2. HP: 22/22 MP: 0/0
  1257 | D:1      | Reached skill level 2 in Spellcasting
  1295 | D:1      | Reached XP level 3. HP: 16/28 MP: 0/0
  1295 | D:1      | Learned a level 1 spell: Apportation
  2031 | D:2      | Found a broken altar of Ashenzari.
  2436 | D:2      | Reached XP level 4. HP: 26/33 MP: 0/0
  3418 | D:3      | Noticed an ogre
  3427 | D:3      | Killed an ogre
  3428 | D:3      | Reached XP level 5. HP: 40/40 MP: 0/0
  3428 | D:3      | Learned a level 2 spell: Blink
  4392 | D:4      | Reached XP level 6. HP: 40/46 MP: 0/0
  4394 | D:4      | Reached skill level 3 in Spellcasting
  4492 | D:4      | Found a white marble altar of Elyvilon.
  4808 | D:4      | Noticed a sky beast
  4827 | D:4      | Killed a sky beast
  4828 | D:4      | Reached XP level 7. HP: 40/50 MP: 0/0
  4828 | D:4      | Learned a level 3 spell: Portal Projectile
  5387 | D:4      | Reached skill level 4 in Spellcasting
  5412 | D:4      | Noticed a yak
  5412 | D:4      | Noticed a yak
  5412 | D:4      | Noticed a yak
  6012 | D:4      | Noticed a yak
  6013 | D:4      | Noticed a yak
  6014 | D:4      | Noticed a yak
  6046 | D:5      | Entered Level 5 of the Dungeon
  6282 | D:5      | Identified the +6 sling of Ru's Outrage {heavy, rF+ Will+}
  6334 | D:5      | Reached skill level 1 in Ranged Weapons
  6591 | D:5      | Reached XP level 8. HP: 52/56 MP: 0/0
  7520 | D:6      | Reached skill level 5 in Spellcasting
  8362 | D:6      | Found a shimmering altar of Xom.
  8679 | D:6      | Reached XP level 9. HP: 35/64 MP: 0/0
  8679 | D:6      | Learned a level 4 spell: Animate Dead
  8965 | D:6      | Reached skill level 5 in Fighting
  9108 | D:6      | Reached skill level 6 in Spellcasting
  9556 | D:6      | Identified a scroll of acquirement
  9557 | D:6      | Acquired the amulet "Qoeckein" {Will+ Regen+ Dex+4}
  9826 | D:6      | Identified the +0 chain mail of Hubris {rPois rF- Int+4
                  | Stlth+}
 11041 | D:6      | Reached skill level 5 in Unarmed Combat
 11600 | D:7      | Noticed a centaur warrior
 11830 | D:7      | Found a sacrificial altar of Ru.
 11832 | D:7      | Noticed Joseph
 12043 | D:7      | Reached skill level 7 in Spellcasting
 12111 | D:7      | Noticed a troll
 12118 | D:7      | Killed a troll
 12286 | D:7      | Reached XP level 10. HP: 68/72 MP: 0/0
 12600 | D:7      | Killed a centaur warrior
 12679 | D:7      | Found a staircase to the Ecumenical Temple.
 12780 | D:7      | Slain by Joseph

Illustrated notes

Levels and vault maps discovered:
D:1:      nicolae_arrival_washed_ashore, layout_loops_corners,
          ebering_ecumenical_altar_mist
D:2:      layout_loops_corners, basic_altar, hangedman_decor_diamond_cutter,
          minmay_fractal_squares_5
D:3:      layout_basic, lemuel_coloured_pillars_altar, kennysheep_generic_room_2
D:4:      layout_layer_cave, overflow_temple_1_default
D:5:      layout_loops_cross, lightli_sewer_entry_pipes
D:6:      layout_layer_cave, xom_butterflies, st_stairs_13
D:7:      nzn_winding_woodlands_cross [nzn_winding_woodlands_5x15_lazy_stream,
          nzn_winding_woodlands_5x15_default,
          nzn_winding_woodlands_5x15_sidewinder,
          nzn_winding_woodlands_5x15_parted,
          nzn_winding_woodlands_15x15_five_gardens], layout_loops_corners,
          amcnicky_altar_gilded, amethyst_overflow_temple_binary,
          minmay_temple_entry_statues_fountains, uniq_joseph
D:8:      layout_basic, nemelex_spade_bored_becter, mrwooster_statue_mirror,
          uniq_prince_ribbit1, uniq_gastronok, uniq_grum, uniq_pikel

Skill      XL: |  1  2  3  4  5  6  7  8  9 10 |
---------------+-------------------------------+-----
Spellcasting   | 2 3 4 5 7 |  7.9
Fighting       | 2 3 4 6 |  6.9
Unarmed Combat | 4 5 6 |  6.3
Ranged Weapons | 2 3 |  3.6
Dodging        | |  2.1

Action                     |  1- 3 |  4- 6 |  7- 9 | 10-12 || total
---------------------------+-------+-------+-------+-------++-------
  Melee: Unarmed           |   106 |   117 |   136 |    41 ||   400
         Headbutt          |    18 |    16 |     1 |       ||    35
         Punch             |     1 |       |       |       ||     1
   Fire: Sling             |       |       |    85 |       ||    85
   Cast: Beastly Appendage |    22 |    24 |     4 |       ||    50
         Wereblood         |     5 |    11 |     1 |       ||    17
         Spider Form       |       |       |    20 |       ||    20
         Ice Form          |       |       |     7 |     4 ||    11
 Invoke: Fiery Armour      |     1 |     4 |     3 |       ||     8
         Foxfire Swarm     |       |     1 |       |       ||     1
         Rising Flame      |       |       |     1 |       ||     1
  Evoke: Piece from Xom's  |       |       |     1 |       ||     1
    Use: Scroll            |     1 |     2 |    19 |     1 ||    23
         Potion            |       |     1 |     4 |     2 ||     7
 Armour: Robe              |    29 |    29 |    16 |     1 ||    75
         Skin              |       |     9 |    12 |    14 ||    35
  Dodge: Dodged            |   102 |    83 |   234 |    18 ||   437

Table legend: (Time is in decaauts)
 A = Elapsed time spent in this place.
 B = Non-inter-level travel time spent in this place.
 C = Inter-level travel time spent in this place.
 D = Time resting spent in this place.
 E = Time spent auto-exploring this place.
 F = Levels seen in this place.
 G = Mean time per level.
                   A        B        C        D        E       F      G
               +--------+--------+--------+--------+--------+-----+--------+
         Total |  12798 |  12519 |    279 |   5770 |   4657 |   8 | 1599.8 |
       Dungeon |  12798 |  12519 |    279 |   5770 |   4657 |   8 | 1599.8 |
               +--------+--------+--------+--------+--------+-----+--------+

Top non-repeatable levels by time:
     D:6: 4066 daAuts
     D:1: 1920 daAuts
     D:4: 1647 daAuts
     D:7: 1551 daAuts
     D:3: 1264 daAuts
     D:2: 1196 daAuts
     D:5: 1147 daAuts
     D:8: 4 daAuts
